 Dungeon Crawl Stone Soup version 0.21-a0-625-g1119ec1 (webtiles) character file.

3860 tidbits the Magician (level 10, -2/73 HPs)
             Began as a Gnoll Earth Elementalist on Dec 24, 2017.
             Was a Believer of Cheibriados.
             Slain by a komodo dragon (22 damage)
             ... on level 10 of the Dungeon.
             The game lasted 00:19:26 (1999 turns).

tidbits the Magician (Gnoll Earth Elementalist)     Turns: 1999, Time: 00:19:27

Health: -2/73      AC:  7    Str: 21    XL:     10   Next: 18%
Magic:  2/29       EV: 17    Int: 24    God:    Cheibriados [**....]
Gold:   299        SH:  6    Dex: 21    Spells: 8/23 levels left

rFire    . . .     SeeInvis .   a - +3 scimitar (flame)
rCold    + . .     Gourm    .   D - +0 buckler
rNeg     + . .     Faith    .   I - +1 leather armour "Cenirude" {rC+ rN+}
rPois    .         Spirit   .   (no helmet)
rElec    .         Reflect  .   (no cloak)
rCorr    .         Harm     .   G - +0 pair of gloves
MR       .....                  F - +0 pair of boots
Stlth    ++++......             (no amulet)
HPRegen  0.22/turn              n - ring of magical power
MPRegen  0.21/turn              (no ring)

@: mighty, very slightly contaminated, very slow
A: distributed training, fangs 1, strong 1, evolution 1, strong nose
a: Bend Time, Renounce Religion


You were on level 10 of the Dungeon.
You worshipped Cheibriados.
Cheibriados was pleased with you.
You were hungry.

You visited 2 branches of the dungeon, and saw 12 of its levels.
You also visited: Sewer.

You collected 299 gold pieces.

Inventory:

Hand Weapons
 a - a +3 scimitar of flaming (weapon)
   (You took it off Erica on level 8 of the Dungeon)
 b - a +0 dagger
 g - a +0 blowgun
 h - a +0 whip
 m - a cursed -1 quarterstaff
 x - a +0 whip of freezing
   (You took it off Pikel on level 7 of the Dungeon)
 y - a +0 hand axe of freezing
   (You took it off an orc on level 8 of the Dungeon)
Missiles
 i - 10 poisoned needles
 q - 42 stones (quivered)
 E - 7 tomahawks
Armour
 c - a +0 robe
 t - a +2 robe
 B - a +1 robe of resistance
   (You took it off Pikel on level 7 of the Dungeon)
 D - a +0 buckler (worn)
 F - a +0 pair of boots (worn)
 G - a +0 pair of gloves (worn)
 I - the +1 leather armour "Cenirude" (worn) {rC+ rN+}
   (You found it on level 9 of the Dungeon)

   It protects you from cold.
   It protects you from negative energy.
Jewellery
 n - a ring of magical power (left hand)
   (You found it on level 2 of the Dungeon)
Wands
 j - a wand of flame (26)
 v - a wand of polymorph (9)
Scrolls
 k - 2 scrolls of enchant armour {unknown}
 l - 5 scrolls of blinking {unknown}
 o - 2 scrolls of identify {unknown}
 p - 4 scrolls of teleportation
 r - 2 scrolls of magic mapping {unknown}
 s - 3 scrolls of fear {unknown}
 u - 2 scrolls of random uselessness {unknown}
 w - a scroll of remove curse {unknown}
 H - a scroll of immolation {unknown}
Potions
 f - 3 potions of flight
 A - a potion of brilliance
 C - a potion of curing
Books
 e - a book of Geomancy

   Spells                             Type                      Level
   a - Sandblast                      Earth                        1
   b - Passwall                       Transmutation/Earth          2
   c - Stone Arrow                    Conjuration/Earth            3
   d - Petrify                        Transmutation/Earth          4
   e - Lee's Rapid Deconstruction     Earth                        5
 J - a book of Necromancy
   (You found it on level 9 of the Dungeon)

   Spells                             Type                      Level
   a - Pain                           Necromancy                   1
   b - Animate Skeleton               Necromancy                   1
   c - Vampiric Draining              Necromancy                   3
   d - Regeneration                   Charms/Necromancy            3
   e - Animate Dead                   Necromancy                   4
   f - Borgnjor's Vile Clutch         Necromancy/Earth             5
Comestibles
 d - 12 rations


   Skills:
 + Level 4.9 Fighting
 + Level 4.9 Short Blades
 + Level 4.9 Long Blades
 + Level 4.9 Axes
 + Level 4.9 Maces & Flails
 + Level 4.9 Polearms
 + Level 4.9 Staves
 + Level 4.9 Slings
 + Level 4.9 Bows
 + Level 4.9 Crossbows
 + Level 4.9 Throwing
 + Level 4.9 Armour
 + Level 6.8 Dodging
 + Level 6.5 Stealth
 + Level 4.9 Shields
 + Level 4.9 Unarmed Combat
 + Level 7.1 Spellcasting
 + Level 4.1 Conjurations
 + Level 4.1 Hexes
 + Level 4.1 Charms
 + Level 4.1 Summonings
 + Level 4.1 Necromancy
 + Level 4.1 Translocations
 + Level 4.6 Transmutations
 + Level 4.1 Fire Magic
 + Level 4.1 Ice Magic
 + Level 4.1 Air Magic
 + Level 6.9 Earth Magic
 + Level 4.1 Poison Magic
 + Level 5.4 Invocations
 + Level 4.9 Evocations


You had 8 spell levels left.
You knew the following spells:

 Your Spells              Type           Power        Failure   Level  Hunger
a - Sandblast             Erth           #####.       1%          1    None
e - Petrify               Tmut/Erth      #####...     8%          4    ###....
p - Passwall              Tmut/Erth      #####.....   1%          2    None
r - Regeneration          Chrm/Necr      ####......   4%          3    None
D - Lee's Rapid Deconstr  Erth           #####.....   13%         5    #####..


Dungeon Overview and Level Annotations

Branches:
Dungeon (11/15)            Temple (1/1) D:6            Lair (0/6) D:9
    Orc (0/2) D:9

Altars:
Ashenzari
Cheibriados
Dithmenos
Elyvilon
Fedhas
Hepliaklqana
Kikubaaqudgha
Makhleb
Nemelex Xobeh
Okawaru
Qazlal
Ru
Trog
Uskayaw
Vehumet
Wu Jian
Xom
Zin
The Shining One

Shops:
D:4 [   D:9 [


Innate Abilities, Weirdness & Mutations

Your experience applies equally to all skills.
You have very sharp teeth.
Your uncanny sense of smell can sniff out nearby items.
Your muscles are strong. (Str +2)
You evolve.


Message History

Found a potion of flight.
A komodo dragon and a bullfrog come into view.
A centaur zombie comes into view.
The komodo dragon hisses angrily.
The bullfrog gives a loud, deep croak!
Found a wand of polymorph (18).
Found an escape hatch in the floor.
You miss the bullfrog. The bullfrog barely misses you.
You slash the bullfrog! You burn the bullfrog.
The bullfrog is heavily wounded.
The bullfrog closely misses you.
You riposte.
You hit the bullfrog. You burn the bullfrog. Your bite misses the bullfrog.
The bullfrog is heavily wounded.
The bullfrog hits you but does no damage.
You slash the bullfrog! You burn the bullfrog.
You kill the bullfrog!
Cheibriados appreciates the change of pace.
Casting: Sandblast
Confirm with . or Enter, or press ? or * to list all spells.
Aiming: Sandblast
Press: ? - help, Shift-Dir - straight line, f - komodo dragon
Aim: a komodo dragon The blast of sand misses the komodo dragon.
q - 42 stones The komodo dragon bites you but does no damage.
Casting: Sandblast
Confirm with . or Enter, or press ? or * to list all spells.
Aiming: Petrify
Press: ? - help, Shift-Dir - straight line, f/p - komodo dragon
Aim: a komodo dragon (chance to defeat MR: 47%)
The komodo dragon resists with some effort.
The komodo dragon closely misses you.
Casting: Petrify
Confirm with . or Enter, or press ? or * to list all spells.
Aiming: Petrify
Press: ? - help, Shift-Dir - straight line, f/p - komodo dragon
Aim: a komodo dragon (chance to defeat MR: 47%)
The komodo dragon resists with some effort.
The komodo dragon misses you.
You riposte.
You hit the komodo dragon. You burn the komodo dragon.
You bite the komodo dragon, but do no damage.
The komodo dragon is lightly wounded.
You barely miss the komodo dragon.
The komodo dragon is lightly wounded.
The komodo dragon bites you!!
Casting: Petrify
Confirm with . or Enter, or press ? or * to list all spells.
Aiming: Petrify
Press: ? - help, Shift-Dir - straight line, f/p - komodo dragon
Aim: a komodo dragon (lightly wounded, chance to defeat MR: 47%)
The komodo dragon resists with some effort.
The komodo dragon closely misses you.
Casting: Petrify
Confirm with . or Enter, or press ? or * to list all spells.
Aiming: Petrify
Press: ? - help, Shift-Dir - straight line, f/p - komodo dragon
Aim: a komodo dragon (lightly wounded, chance to defeat MR: 47%)
The komodo dragon resists with some effort.
You block the komodo dragon's attack.
Casting: Petrify
Confirm with . or Enter, or press ? or * to list all spells.
Aiming: Petrify
Press: ? - help, Shift-Dir - straight line, f/p - komodo dragon
Aim: a komodo dragon (lightly wounded, chance to defeat MR: 47%)
The komodo dragon resists with some effort.
You block the komodo dragon's attack.
Casting: Petrify
Confirm with . or Enter, or press ? or * to list all spells.
Aiming: Petrify
Press: ? - help, Shift-Dir - straight line, f/p - komodo dragon
Aim: a komodo dragon (lightly wounded, chance to defeat MR: 47%)
The komodo dragon resists with some effort.
You are feeling hungry.
You block the komodo dragon's attack.
Casting: Petrify
Confirm with . or Enter, or press ? or * to list all spells.
Aiming: Petrify
Press: ? - help, Shift-Dir - straight line, f/p - komodo dragon
Aim: a komodo dragon (lightly wounded, chance to defeat MR: 47%)
You miscast Petrify.
You are very lightly contaminated with residual magic.
You smell something strange.
The komodo dragon closely misses you.
You riposte.
You slash the komodo dragon! You burn the komodo dragon.
The komodo dragon is moderately wounded.
Evoke which item? (* to show all) (? for menu, Esc to quit)
Okay, then.
Unknown command.
It was a potion of curing.
You feel better. The komodo dragon bites you!! The komodo dragon misses you.
Unknown command.
Unknown command.
Unknown command.
The komodo dragon bites you!!
* * * LOW HITPOINT WARNING * * *
It was a potion of might.
You feel very mighty all of a sudden.
The komodo dragon bites you but does no damage.
You closely miss the komodo dragon.
The komodo dragon is moderately wounded.
The komodo dragon hisses menacingly.
The komodo dragon bites you!!
You die...

#####.# ....... .#
>...../ .# ....... .#
....!.. ##.#
.......### #..
.......†.# #.#
.......#.####.#######
.......#...l@........
.......######.######
.....Z. #.# ##..###
#.# ##. ##†##### .
#.†....# #......#
#......# #......#


You could see a komodo dragon.

Vanquished Creatures
  A two-headed ogre (D:9)
  Erica (D:8)
  Pikel (D:7)
  A hungry ghost (D:8)
  A slave (D:7)
  An ice beast (D:9)
  A phantom (D:7)
  An eye of draining (D:8)
  4 ogres
  A big kobold (D:7)
  3 bullfrogs
  2 scorpions (D:8)
  3 killer bees (D:7)
  A howler monkey (D:4)
  A centaur zombie (D:6)
  4 hounds
  5 orc priests
  A bullfrog skeleton (D:2)
  6 orc wizards
  2 iguanas
  5 worker ants
  A killer bee zombie (D:7)
  2 worker ant zombies
  A howler monkey skeleton (D:6)
  7 adders
  3 shadow imps
  An adder skeleton (D:4)
  A worm (Sewer)
  2 dart slugs (D:4)
  3 leopard geckos
  27 orcs
  14 bats
  3 giant cockroaches
  3 goblins (D:3)
  4 hobgoblins
  16 jackals
  2 quokkas
  2 frilled lizards (D:3)
  10 kobolds
  2 rats
150 creatures vanquished.

Vanquished Creatures (others)
  A slave (D:7)
  A crimson imp (D:7)
2 creatures vanquished.

Grand Total: 152 creatures vanquished

Notes
Turn   | Place    | Note
-------+----------+-------------------------------------------
     0 | D:1      | tidbits the Gnoll Earth Elementalist began the quest for the Orb.
     0 | D:1      | Reached XP level 1. HP: 13/13 MP: 6/6
    26 | D:2      | Reached skill level 5 in Spellcasting
    26 | D:2      | Reached skill level 2 in Transmutations
    26 | D:2      | Reached XP level 2. HP: 20/20 MP: 5/8
    26 | D:2      | Reached XP level 3. HP: 25/25 MP: 5/9
    30 | D:2      | Learned a level 2 spell: Passwall
    85 | D:3      | Found a sparkling altar of Nemelex Xobeh.
   126 | D:3      | Reached skill level 1 in Invocations
   130 | D:3      | Reached skill level 1 in Fighting
   130 | D:3      | Reached skill level 1 in Short Blades
   130 | D:3      | Reached skill level 1 in Long Blades
   130 | D:3      | Reached skill level 1 in Axes
   130 | D:3      | Reached skill level 1 in Maces & Flails
   130 | D:3      | Reached skill level 1 in Polearms
   130 | D:3      | Reached skill level 1 in Staves
   130 | D:3      | Reached skill level 1 in Slings
   130 | D:3      | Reached skill level 1 in Bows
   130 | D:3      | Reached skill level 1 in Crossbows
   130 | D:3      | Reached skill level 1 in Throwing
   130 | D:3      | Reached skill level 1 in Armour
   130 | D:3      | Reached skill level 1 in Shields
   130 | D:3      | Reached skill level 1 in Unarmed Combat
   130 | D:3      | Reached skill level 1 in Evocations
   153 | D:3      | Reached XP level 4. HP: 26/32 MP: 10/11
   191 | D:3      | Found a glowing golden altar of the Shining One.
   202 | D:3      | Reached skill level 1 in Conjurations
   202 | D:3      | Reached skill level 1 in Hexes
   202 | D:3      | Reached skill level 1 in Charms
   202 | D:3      | Reached skill level 1 in Summonings
   202 | D:3      | Reached skill level 1 in Necromancy
   202 | D:3      | Reached skill level 1 in Translocations
   202 | D:3      | Reached skill level 1 in Fire Magic
   202 | D:3      | Reached skill level 1 in Ice Magic
   202 | D:3      | Reached skill level 1 in Air Magic
   202 | D:3      | Reached skill level 1 in Poison Magic
   345 | D:3      | Reached XP level 5. HP: 37/37 MP: 12/12
   363 | D:4      | Found Qosyprou's Antique Armour Shoppe.
   371 | D:4      | Noticed an ogre
   377 | D:4      | Killed an ogre
   387 | D:4      | Reached skill level 2 in Invocations
   387 | D:4      | Reached XP level 6. HP: 44/44 MP: 10/13
   439 | D:5      | Entered Level 5 of the Dungeon
   504 | D:5      | Found a bloodstained altar of Trog.
   545 | D:6      | Found a glowing drain.
   551 | D:6      | Reached skill level 2 in Fighting
   551 | D:6      | Reached skill level 2 in Short Blades
   551 | D:6      | Reached skill level 2 in Long Blades
   551 | D:6      | Reached skill level 2 in Axes
   551 | D:6      | Reached skill level 2 in Maces & Flails
   551 | D:6      | Reached skill level 2 in Polearms
   551 | D:6      | Reached skill level 2 in Staves
   551 | D:6      | Reached skill level 2 in Slings
   551 | D:6      | Reached skill level 2 in Bows
   551 | D:6      | Reached skill level 2 in Crossbows
   551 | D:6      | Reached skill level 2 in Throwing
   551 | D:6      | Reached skill level 2 in Armour
   551 | D:6      | Reached skill level 5 in Dodging
   551 | D:6      | Reached skill level 2 in Shields
   551 | D:6      | Reached skill level 2 in Unarmed Combat
   551 | D:6      | Reached skill level 2 in Evocations
   581 | Sewer    | Entered a sewer
   643 | Sewer    | Gained mutation: You tend to lose your temper in combat. [potion of mutation]
   643 | Sewer    | Gained mutation: You have large cloven feet. [potion of mutation]
   643 | Sewer    | Gained mutation: Your mind is acute. (Int +2) [potion of mutation]
   643 | Sewer    | Lost mutation: You tend to lose your temper in combat. [potion of mutation]
   858 | D:6      | Found a staircase to the Ecumenical Temple.
   862 | D:6      | Reached XP level 7. HP: 49/50 MP: 15/15
   870 | Temple   | Entered the Ecumenical Temple
  1025 | D:6      | Reached skill level 2 in Conjurations
  1025 | D:6      | Reached skill level 2 in Hexes
  1025 | D:6      | Reached skill level 2 in Charms
  1025 | D:6      | Reached skill level 2 in Summonings
  1025 | D:6      | Reached skill level 2 in Necromancy
  1025 | D:6      | Reached skill level 2 in Translocations
  1025 | D:6      | Reached skill level 2 in Fire Magic
  1025 | D:6      | Reached skill level 2 in Ice Magic
  1025 | D:6      | Reached skill level 2 in Air Magic
  1025 | D:6      | Reached skill level 2 in Poison Magic
  1045 | D:5      | Found a burning altar of Makhleb.
  1045 | D:5      | Found a sacrificial altar of Ru.
  1048 | D:5      | Found a hide-covered altar of Uskayaw.
  1067 | D:7      | Reached skill level 3 in Transmutations
  1116 | D:6      | Reached skill level 5 in Stealth
  1119 | D:6      | Found a glowing silver altar of Zin.
  1133 | D:7      | Noticed Pikel
  1145 | D:7      | Killed Pikel
  1145 | D:7      | Reached skill level 3 in Fighting
  1145 | D:7      | Reached skill level 3 in Short Blades
  1145 | D:7      | Reached skill level 3 in Long Blades
  1145 | D:7      | Reached skill level 3 in Axes
  1145 | D:7      | Reached skill level 3 in Maces & Flails
  1145 | D:7      | Reached skill level 3 in Polearms
  1145 | D:7      | Reached skill level 3 in Staves
  1145 | D:7      | Reached skill level 3 in Slings
  1145 | D:7      | Reached skill level 3 in Bows
  1145 | D:7      | Reached skill level 3 in Crossbows
  1145 | D:7      | Reached skill level 3 in Throwing
  1145 | D:7      | Reached skill level 3 in Armour
  1145 | D:7      | Reached skill level 3 in Shields
  1145 | D:7      | Reached skill level 3 in Unarmed Combat
  1145 | D:7      | Reached skill level 6 in Spellcasting
  1145 | D:7      | Reached skill level 6 in Earth Magic
  1145 | D:7      | Reached skill level 3 in Invocations
  1145 | D:7      | Reached skill level 3 in Evocations
  1145 | D:7      | Reached XP level 8. HP: 47/58 MP: 15/17
  1264 | D:8      | Noticed Erica
  1273 | D:8      | Killed Erica
  1273 | D:8      | Reached skill level 4 in Fighting
  1273 | D:8      | Reached skill level 4 in Short Blades
  1273 | D:8      | Reached skill level 4 in Long Blades
  1273 | D:8      | Reached skill level 4 in Axes
  1273 | D:8      | Reached skill level 4 in Maces & Flails
  1273 | D:8      | Reached skill level 4 in Polearms
  1273 | D:8      | Reached skill level 4 in Staves
  1273 | D:8      | Reached skill level 4 in Slings
  1273 | D:8      | Reached skill level 4 in Bows
  1273 | D:8      | Reached skill level 4 in Crossbows
  1273 | D:8      | Reached skill level 4 in Throwing
  1273 | D:8      | Reached skill level 4 in Armour
  1273 | D:8      | Reached skill level 6 in Dodging
  1273 | D:8      | Reached skill level 4 in Shields
  1273 | D:8      | Reached skill level 4 in Unarmed Combat
  1273 | D:8      | Reached skill level 3 in Conjurations
  1273 | D:8      | Reached skill level 3 in Hexes
  1273 | D:8      | Reached skill level 3 in Charms
  1273 | D:8      | Reached skill level 3 in Summonings
  1273 | D:8      | Reached skill level 3 in Necromancy
  1273 | D:8      | Reached skill level 3 in Translocations
  1273 | D:8      | Reached skill level 4 in Transmutations
  1273 | D:8      | Reached skill level 3 in Fire Magic
  1273 | D:8      | Reached skill level 3 in Ice Magic
  1273 | D:8      | Reached skill level 3 in Air Magic
  1273 | D:8      | Reached skill level 3 in Poison Magic
  1273 | D:8      | Reached skill level 4 in Invocations
  1273 | D:8      | Reached skill level 4 in Evocations
  1273 | D:8      | Reached XP level 9. HP: 35/65 MP: 8/18
  1323 | D:7      | Found a snail-covered altar of Cheibriados.
  1334 | D:7      | Became a worshipper of Cheibriados the Contemplative
  1337 | D:7      | Reached skill level 6 in Stealth
  1453 | D:8      | Found an ornate altar of the Wu Jian Council.
  1568 | D:8      | Reached * piety under Cheibriados
  1579 | D:9      | Noticed a two-headed ogre
  1587 | D:9      | Killed a two-headed ogre
  1587 | D:9      | Reached skill level 7 in Spellcasting
  1587 | D:9      | Reached skill level 4 in Conjurations
  1587 | D:9      | Reached skill level 4 in Hexes
  1587 | D:9      | Reached skill level 4 in Charms
  1587 | D:9      | Reached skill level 4 in Summonings
  1587 | D:9      | Reached skill level 4 in Necromancy
  1587 | D:9      | Reached skill level 4 in Translocations
  1587 | D:9      | Reached skill level 4 in Fire Magic
  1587 | D:9      | Reached skill level 4 in Ice Magic
  1587 | D:9      | Reached skill level 4 in Air Magic
  1587 | D:9      | Reached skill level 4 in Poison Magic
  1587 | D:9      | Reached skill level 5 in Invocations
  1587 | D:9      | Reached XP level 10. HP: 43/73 MP: 9/20
  1605 | D:10     | Entered Level 10 of the Dungeon
  1617 | D:9      | Found a staircase to the Orcish Mines.
  1632 | D:9      | Found Buokorop's Armour Shoppe.
  1659 | D:9      | Found a staircase to the Lair.
  1672 | D:9      | Found an iron altar of Okawaru.
  1681 | D:9      | Lost mutation: You have large cloven feet. [potion of mutation]
  1681 | D:9      | Lost mutation: Your mind is acute. (Int +2) [potion of mutation]
  1681 | D:9      | Gained mutation: Your muscles are strong. (Str +2) [potion of mutation]
  1681 | D:9      | Gained mutation: You evolve. [potion of mutation]
  1746 | D:9      | Got an ichor-stained leather armour
  1757 | D:9      | Identified the +1 leather armour "Cenirude" {rC+ rN+} (You found it on level 9 of the Dungeon)
  1812 | D:9      | Learned a level 3 spell: Regeneration
  1841 | D:9      | Learned a level 4 spell: Petrify
  1847 | D:9      | Learned a level 5 spell: Lee's Rapid Deconstruction
  1917 | D:10     | Reached ** piety under Cheibriados
  1999 | D:10     | Slain by a komodo dragon

Vault maps used:
D:1:      saegor_arrival_simple_a, minmay_stone_trees_small,
          minmay_misc_feat_doors
D:2:      minmay_misc_feat_encased
D:3:      nemelex_xobeh_ov_fountains_minmay, tgw_sif, tso_metal_star,
          lemuel_round_altar
D:4:      first_ration, serial_shops, shop
D:5:      lemuel_round_altar, nicolae_overflow_hidden_temple, serial_shops,
          nicolae_shop_competitors_out_of_business, uniq_grinder
D:6:      lemuel_doored_altar, minmay_temple_entry_enclosed_plants,
          gup_sewer_entry_glass, serial_shops, shop, mrwooster_statue_mirror,
          uniq_blork_the_orc
D:7:      old_standard_altar, uniq_pikel
D:8:      old_standard_altar, st_stairs_8, uniq_erica
D:9:      okawaru_metal_pillars_1_2, grunt_gozag_statues, dpeg_oklobed_lair,
          orc_david_3
Temple:   nicolae_temple_figure_zero
Sewer:    sewer_fruit_machine

Skill      XL: |  1  2  3  4  5  6  7  8  9 |
---------------+----------------------------+-----
Spellcasting   | 5 6 7 |  7.1
Transmutations | 2 3 4 |  4.6
Invocations    | 1 2 3 4 5 |  5.4
Fighting       | 1 2 3 4 |  4.9
Short Blades   | 1 2 3 4 |  4.9
Long Blades    | 1 2 3 4 |  4.9
Axes           | 1 2 3 4 |  4.9
Maces & Flails | 1 2 3 4 |  4.9
Polearms       | 1 2 3 4 |  4.9
Staves         | 1 2 3 4 |  4.9
Slings         | 1 2 3 4 |  4.9
Bows           | 1 2 3 4 |  4.9
Crossbows      | 1 2 3 4 |  4.9
Throwing       | 1 2 3 4 |  4.9
Armour         | 1 2 3 4 |  4.9
Shields        | 1 2 3 4 |  4.9
Unarmed Combat | 1 2 3 4 |  4.9
Evocations     | 1 2 3 4 |  4.9
Conjurations   | 1 2 3 4 |  4.1
Hexes          | 1 2 3 4 |  4.1
Charms         | 1 2 3 4 |  4.1
Summonings     | 1 2 3 4 |  4.1
Necromancy     | 1 2 3 4 |  4.1
Translocations | 1 2 3 4 |  4.1
Fire Magic     | 1 2 3 4 |  4.1
Ice Magic      | 1 2 3 4 |  4.1
Air Magic      | 1 2 3 4 |  4.1
Poison Magic   | 1 2 3 4 |  4.1
Dodging        | 5 6 |  6.8
Stealth        | 5 6 |  6.5
Earth Magic    | 6 |  6.9

Action                   |  1- 3 |  4- 6 |  7- 9 | 10-12 || total
-------------------------+-------+-------+-------+-------++-------
Melee: Dagger            |       |     1 |     1 |    19 ||    21
       Scimitar          |       |       |     5 |    19 ||    24
       Bite              |       |       |     2 |     8 ||    10
 Cast: Sandblast         |    16 |    77 |   115 |    37 ||   245
       Passwall          |       |     1 |     6 |     3 ||    10
       Petrify           |       |       |       |    10 ||    10
Evoke: Wand              |       |       |       |     1 ||     1
  Use: Potion            |       |     5 |     1 |     3 ||     9
       Scroll            |       |       |       |     1 ||     1
 Stab: Petrifying        |       |       |       |     1 ||     1
       Sleeping          |       |       |       |     1 ||     1
  Eat: Chunk             |       |       |     2 |     2 ||     4
Armor: Robe              |       |     8 |     1 |     1 ||    10
       Leather armour    |       |       |       |     8 ||     8
Dodge: Dodged            |     4 |    43 |    28 |    45 ||   120
Block: Buckler           |       |       |    12 |    19 ||    31
       Rpst.: Scimitar   |       |       |       |     9 ||     9

Table legend:
 A = Spawn XP
 B = Non-spawn XP
 C = Spawn XP percentage of total XP
 D = Spawn monster count
 E = Non-spawn monster count
 F = Spawn count percentage of total count
 G = Total turns spent on level
                    A         B        C        D         E        F      G
               +---------+---------+-------+---------+---------+-------+---------
         Total |       0 |    5515 |   0.0 |       0 |     149 |   0.0 |  1999
               +---------+---------+-------+---------+---------+-------+---------
           D:2 |       0 |      53 |   0.0 |       0 |       8 |   0.0 |    83
           D:3 |       0 |     134 |   0.0 |       0 |      21 |   0.0 |   275
           D:4 |       0 |     231 |   0.0 |       0 |       6 |   0.0 |   115
           D:5 |       0 |      13 |   0.0 |       0 |       1 |   0.0 |    65
           D:6 |       0 |     465 |   0.0 |       0 |      16 |   0.0 |   219
           D:7 |       0 |    1252 |   0.0 |       0 |      22 |   0.0 |   272
           D:8 |       0 |    1879 |   0.0 |       0 |      25 |   0.0 |   226
           D:9 |       0 |    1242 |   0.0 |       0 |      22 |   0.0 |   308
          D:10 |       0 |     209 |   0.0 |       0 |      10 |   0.0 |   103
         Sewer |       0 |      37 |   0.0 |       0 |      18 |   0.0 |   254
               +---------+---------+-------+---------+---------+-------+---------

Table legend:
 A = Turns spent in this place as a percentage of turns spent in the entire game.
 B = Non-inter-level travel turns spent in this place as a percentage of non-inter-level travel turns spent in the entire game.
 C = Inter-level travel turns spent in this place as a percentage of turns spent in this place.
 D = Turns resting spent in this place as a percentage of non-inter-level travel turns spent in this place.
 E = Turns spent auto-exploring this place as a percentage of non-inter-level travel turns spent in this place.
 F = Non-inter-level travel turns spent in this place divided by the number of levels of this place that you've seen.
                   A       B       C       D       E      F
               +-------+-------+-------+-------+-------+----------------------
         Total | 100.0 | 100.0 |   0.3 |   0.0 |   0.0 | 153.3
       Dungeon |  84.3 |  84.5 |   0.0 |   0.0 |   0.0 | 153.2
        Temple |   3.0 |   2.7 |  10.0 |   0.0 |   0.0 |  54.0
         Sewer |  12.7 |  12.7 |   0.0 |   0.0 |   0.0 | 254.0
               +-------+-------+-------+-------+-------+----------------------

Table legend:
 A = Kills in this place as a percentage of kills in entire the game.
 B = Kills by you in this place as a percentage of kills by you in the entire game.
 C = Kills by friends in this place as a percentage of kills by friends in the entire game.
 D = Other kills in this place as a percentage of other kills in the entire game.
 E = Experience gained in this place as a percentage of experience gained in the entire game.
 F = Experience gained in this place divided by the number of levels of this place that you have seen.
                   A       B       C       D       E      F
               +-------+-------+-------+-------+-------+----------------------
         Total | 100.0 | 100.0 |   N/A |   N/A | 100.0 | 424.2
       Dungeon |  87.9 |  87.9 |   N/A |   N/A |  99.3 | 498.0
         Sewer |  12.1 |  12.1 |   N/A |   N/A |   0.7 |  37.0
               +-------+-------+-------+-------+-------+----------------------

Vault maps used:
D:1:      saegor_arrival_simple_a, minmay_stone_trees_small,
          minmay_misc_feat_doors
D:2:      minmay_misc_feat_encased
D:3:      nemelex_xobeh_ov_fountains_minmay, tgw_sif, tso_metal_star,
          lemuel_round_altar
D:4:      first_ration, serial_shops, shop
D:5:      lemuel_round_altar, nicolae_overflow_hidden_temple, serial_shops,
          nicolae_shop_competitors_out_of_business, uniq_grinder
D:6:      lemuel_doored_altar, minmay_temple_entry_enclosed_plants,
          gup_sewer_entry_glass, serial_shops, shop, mrwooster_statue_mirror,
          uniq_blork_the_orc
D:7:      old_standard_altar, uniq_pikel
D:8:      old_standard_altar, st_stairs_8, uniq_erica
D:9:      okawaru_metal_pillars_1_2, grunt_gozag_statues, dpeg_oklobed_lair,
          orc_david_3
Temple:   nicolae_temple_figure_zero
Sewer:    sewer_fruit_machine
